 Dungeon Crawl Stone Soup version 0.20.1-1-g8b1a95d (webtiles) character file.

4076 Vorkas the Cleaver (level 10, -8/91 HPs)
             Began as a Deep Dwarf Fighter on Oct 31, 2017.
             Was an Initiate of Makhleb.
             Mangled by a two-headed ogre
             ... wielding a cursed -1 giant spiked club
              (9 damage)
             ... on level 8 of the Dungeon.
             The game lasted 00:16:47 (5889 turns).

Vorkas the Cleaver (Deep Dwarf Fighter)             Turns: 5889, Time: 00:16:48

Health: -8/91      AC: 12    Str: 16    XL:     10   Next: 5%
Magic:  2/2        EV:  9    Int: 12    God:    Makhleb [......]
Gold:   280        SH:  0    Dex: 15    Spells: 9/9 levels left

rFire    + . .     SeeInvis .   x - +2 battleaxe (elec)
rCold    . . .     Gourm    .   (shield currently unavailable)
rNeg     . . .     Faith    .   k - +0 chain mail
rPois    +         Spirit   .   (no helmet)
rElec    .         Reflect  .   c - +0 cloak
rCorr    .         Harm     .   (no gloves)
MR       ++...                  (no boots)
Stlth    ..........             (no amulet)
Regen    0.0/turn               q - ring of protection from fire
MPRegen  0.1/turn               b - ring "Hargho" {rPois MR+ Str-4 Int+3}

@: lethally poisoned (-8 -> -11), non-regenerating
A: damage resistance, heal wounds, sense surroundings 2, no regeneration
a: Heal Wounds, Renounce Religion


You were on level 8 of the Dungeon.
You worshipped Makhleb.
Makhleb was noncommittal.
You were not hungry.

You visited 2 branches of the dungeon, and saw 9 of its levels.
You also visited: Sewer.

You collected 546 gold pieces.
You spent 266 gold pieces at shops.

Inventory:

Hand Weapons
 x - a +2 battleaxe of electrocution (weapon)
Armour
 c - a +0 cloak (worn)
 k - a +0 chain mail (worn)
Jewellery
 b - the ring "Hargho" (right hand) {rPois MR+ Str-4 Int+3}
   (You found it on level 5 of the Dungeon)

   [ring of protection from magic]

   It affects your strength (-4).
   It affects your intelligence (+3).
   It protects you from poison.
   It affects your resistance to hostile enchantments.
 q - a ring of protection from fire (left hand)
 s - an uncursed ring of magical power
 w - a +5 ring of dexterity {unknown}
Wands
 a - a wand of flame (34/48)
 v - a wand of clouds (1/9)
 B - a wand of iceblast (9/15)
Scrolls
 e - 2 scrolls of enchant armour
 h - 7 scrolls of teleportation
 i - a scroll of fog
 n - 3 scrolls of enchant weapon
 t - 3 scrolls of identify
 y - a scroll of silence {unknown}
 A - 4 scrolls of remove curse
 D - 3 scrolls of recharging
 H - a scroll of brand weapon {unknown}
 J - a scroll of magic mapping {unknown}
 K - 2 scrolls of amnesia
Potions
 d - 2 potions of brilliance {unknown}
 g - 7 potions of heal wounds {unknown}
 l - 4 potions of flight {unknown}
 p - 2 potions of agility {unknown}
 r - 2 potions of haste {unknown}
 u - 5 potions of curing {unknown}
 z - a potion of magic {unknown}
 C - a potion of invisibility {unknown}
 E - 2 potions of might
 F - a potion of mutation {unknown}
 G - a potion of degeneration {unknown}
Comestibles
 f - 5 bread rations
 j - 7 royal jellies
 m - 8 fruits
 o - 3 meat rations
 I - a chunk of flesh


   Skills:
 + Level 6.2 Fighting
 * Level 11.6 Axes
 + Level 7.7 Armour
 + Level 4.7 Dodging
   Level 3.2 Shields


You had 9 spell levels left.
You didn't know any spells.

Dungeon Overview and Level Annotations

Branches:
Dungeon (8/15)             Temple (1/1) D:7
   Lair: D:8-11

Altars:
Ashenzari
Dithmenos
Fedhas
Gozag
Hepliaklqana
Kikubaaqudgha
Makhleb
Nemelex Xobeh
Qazlal
Ru
Sif Muna
Trog
Uskayaw
Vehumet
Xom
Yredelemnul
Zin
The Shining One

Shops:
D:4 }?(}   D:7 (


Innate Abilities, Weirdness & Mutations

You are resistant to damage.
You can heal yourself by infusing magical energy.
You passively map the area around you.
You do not regenerate.


Message History

Lightning courses through the killer bee!
You kill the killer bee!
Makhleb accepts your kill.
You closely miss the killer bee. x2; The killer bee stings you.
You are more poisoned.
The killer bee poisons you!
The killer bee stings you but does no damage.
The killer bee completely misses you. The killer bee stings you.
The killer bee completely misses you.
You slash the two-headed ogre!
The two-headed ogre is almost dead.
You barely miss the killer bee. You closely miss the killer bee.
You feel very sick.
The killer bee stings you but does no damage.
The killer bee barely misses you.
The killer bee stings you but does no damage.
The two-headed ogre hits you with a giant spiked club!!
* * * LOW HITPOINT WARNING * * *
The two-headed ogre hits you with a giant club!
You die...

#.####... , ##.##....# **
, ......##.#######* , . ,
...##........... , ,..
......##.###### * ...
.#######.## ...., *
....###...#########.....,
,,
...............†yy......,
,,
..).......##....@Oy.....
.))..........#####....##**
..).......#### ####
..........# ..........#
..........# (.........#
.........## ..#.....##


You could see a two-headed ogre and 3 killer bees.

Vanquished Creatures
  A two-headed ogre (D:7)
  Pikel (D:5)
  The ghost of Frank the Slasher, a novice OpFi (D:6)
  A hippogriff (D:7)
  Sigmund (D:2)
  Eustachio (D:4)
  2 slaves (D:4)
  2 ice beasts
  2 sky beasts
  A black bear (D:7)
  5 ogres
  A phantom (D:5)
  A centaur (D:7)
  A big kobold (D:7)
  2 scorpions
  4 wights (D:6)
  2 killer bees (D:8)
  2 howler monkeys
  3 crimson imps
  A hound (D:7)
  Crazy Yiuf (D:5)
  An orc priest (D:8)
  3 worker ants
  Natasha (twice) (D:2)
  An iguana (D:6)
  An orc wizard (D:4)
  2 hound skeletons
  A howler monkey skeleton (D:6)
  4 gnolls (D:6)
  11 adders
  6 river rats (Sewer)
  A shadow imp (D:5)
  3 oozes
  2 adder skeletons
  4 worms
  2 dart slugs
  4 leopard geckos
  23 orcs
  6 bats
  4 giant cockroaches
  3 goblins
  6 hobgoblins
  5 jackals
  26 kobolds
  3 quokkas
  3 ball pythons (Sewer)
  5 frilled lizards
  A quokka skeleton (D:4)
  24 rats
193 creatures vanquished.

Notes
Turn   | Place    | Note
-------+----------+-------------------------------------------
     0 | D:1      | Vorkas the Deep Dwarf Fighter began the quest for the Orb.
     0 | D:1      | Reached XP level 1. HP: 20/20 MP: 1/1
   141 | D:1      | Reached skill level 3 in Axes
   141 | D:1      | Reached XP level 2. HP: 24/27 MP: 2/2
   855 | D:2      | Found a blossoming altar of Fedhas.
   891 | D:2      | Noticed Sigmund
   913 | D:2      | Reached XP level 3. HP: 19/33 MP: 3/3
   941 | D:2      | Killed Sigmund
   941 | D:2      | Reached skill level 6 in Axes
   941 | D:2      | Reached XP level 4. HP: 26/40 MP: 2/2
   941 | D:2      | Reached XP level 5. HP: 30/46 MP: 3/3
  1334 | D:2      | Found a shattered altar of Ashenzari.
  1461 | D:2      | Noticed Natasha
  1468 | D:2      | Killed Natasha
  1532 | D:2      | Noticed Natasha
  1536 | D:2      | Killed Natasha
  1743 | D:3      | Reached XP level 6. HP: 40/55 MP: 4/4
  1865 | D:3      | Reached skill level 7 in Axes
  2466 | D:4      | Noticed Eustachio
  2480 | D:4      | Killed Eustachio
  2480 | D:4      | Reached XP level 7. HP: 28/62 MP: 5/5
  2494 | D:4      | Found Aggei's Antique Weapon Boutique.
  2496 | D:4      | Found Pyzah's Magic Scroll Boutique.
  2497 | D:4      | Found Byugontu's Gadget Boutique.
  2498 | D:4      | Found Liedihou's Gadget Boutique.
  2757 | D:4      | Reached skill level 8 in Axes
  2819 | D:4      | Found a sparkling altar of Nemelex Xobeh.
  3020 | D:5      | Entered Level 5 of the Dungeon
  3054 | D:5      | Got a heavily runed jade ring
  3056 | D:5      | Identified the ring "Hargho" {rPois MR+ Str-4 Int+3} (You found it on level 5 of the Dungeon)
  3224 | D:5      | Noticed Pikel
  3295 | D:5      | Killed Pikel
  3295 | D:5      | Reached skill level 9 in Axes
  3295 | D:5      | Reached skill level 5 in Armour
  3295 | D:5      | Reached XP level 8. HP: 41/73 MP: 5/5
  3366 | D:5      | Found a runed door.
  3558 | D:4      | Bought a glowing battleaxe for 266 gold pieces
  3730 | D:5      | Noticed Crazy Yiuf
  3732 | D:5      | Killed Crazy Yiuf
  3953 | D:6      | Reached skill level 5 in Fighting
  3953 | D:6      | Reached skill level 10 in Axes
  4061 | D:6      | Found a glowing drain.
  4070 | Sewer    | Entered a sewer
  4329 | Sewer    | Reached skill level 1 in Dodging
  4777 | D:6      | Gained mutation: You passively map the area around you. [Deep Dwarf growth]
  4777 | D:6      | Reached XP level 9. HP: 53/81 MP: 5/5
  4959 | D:6      | Noticed Frank's ghost (novice OpFi)
  4968 | D:6      | Killed Frank's ghost
  5083 | D:7      | Found a staircase to the Ecumenical Temple.
  5110 | Temple   | Entered the Ecumenical Temple
  5192 | Temple   | Became a worshipper of Makhleb the Destroyer
  5298 | D:7      | Found a glowing silver altar of Zin.
  5395 | D:7      | Reached skill level 11 in Axes
  5396 | D:7      | Found a hide-covered altar of Uskayaw.
  5424 | D:7      | Found a shadowy altar of Dithmenos.
  5507 | D:7      | Found Nirru's Antique Weapon Emporium.
  5660 | D:7      | Noticed a two-headed ogre
  5674 | D:7      | Killed a two-headed ogre
  5815 | D:8      | Reached XP level 10. HP: 91/91 MP: 2/2
  5880 | D:8      | Noticed a two-headed ogre
  5889 | D:8      | HP: 1/91 [two-headed ogre/giant spiked club (24)]
  5889 | D:8      | Mangled by a two-headed ogre

Skill      XL: |  1  2  3  4  5  6  7  8  9 |
---------------+----------------------------+-----
Axes           | 3 6 7 9 10 11 | 11.6
Fighting       | 3 4 5 6 |  6.2
Armour         | 4 5 6 7 |  7.7
Dodging        | 2 4 |  4.7
Shields        | |  3.2

Action                   |  1- 3 |  4- 6 |  7- 9 | 10-12 || total
-------------------------+-------+-------+-------+-------++-------
Melee: War axe           |   132 |   174 |   139 |       ||   445
       Battleaxe         |       |       |   186 |    28 ||   214
 Abil: Heal Wounds       |     3 |     1 |    21 |       ||    25
Evoke: Wand              |       |       |     1 |       ||     1
  Use: Potion            |     1 |       |       |       ||     1
       Scroll            |       |     4 |     3 |       ||     7
 Stab: Confused          |       |       |     1 |       ||     1
  Eat: Chunk             |       |     5 |    12 |       ||    17
Armor: Scale mail        |    78 |    64 |    14 |       ||   156
       Chain mail        |       |    12 |   164 |    39 ||   215
Dodge: Dodged            |    56 |    37 |   108 |    36 ||   237
Block: Shield            |    74 |    75 |    61 |       ||   210
